 Dungeon Crawl Stone Soup version 0.21.1-1-g345015f (webtiles) character file.

37 lotte the Charmwright (level 3, -2/33 HPs)
             Began as a Naga Skald on June 24, 2018.
             Slain by a kobold
             ... wielding a +0 whip
              (5 damage)
             ... on level 1 of the Dungeon.
             The game lasted 00:09:23 (1659 turns).

lotte the Charmwright (Naga Skald)                  Turns: 1659, Time: 00:09:24

Health: -2/33      AC:  2    Str: 14    XL:     3   Next: 41%
Magic:  2/6        EV:  9    Int: 13    God:
Gold:   24         SH:  0    Dex: 10    Spells: 3/6 levels left

rFire    . . .     SeeInvis +   a - +0 mace
rCold    . . .     Gourm    .   (no shield)
rNeg     . . .     Faith    .   b - +0 leather armour
rPois    +         Spirit   .   (no helmet)
rElec    .         Reflect  .   (no cloak)
rCorr    .         Harm     .   (no gloves)
MR       .....                  (no barding)
Stlth    +.........             (no amulet)
HPRegen  0.11/turn              (no ring)
MPRegen  0.10/turn              (no ring)

@: infused, very slow
A: large, see invisible, deformed body, poison resistance, slowness 2, slow
metabolism 1, spit poison 1, AC +1
a: Spit Poison


You were on level 1 of the Dungeon.
You were not hungry.

You visited 1 branch of the dungeon, and saw 1 of its levels.

You collected 24 gold pieces.

Inventory:

Hand Weapons
 a - a +0 mace (weapon)
Armour
 b - a +0 leather armour (worn)
Potions
 e - a potion of berserk rage {unknown}
 f - a potion of curing {unknown}
Books
 c - a book of Battle

   Spells                             Type                      Level
   a - Infusion                       Charms                       1
   b - Shroud of Golubria             Charms/Translocation         2
   c - Song of Slaying                Charms                       2
   d - Spectral Weapon                Hexes/Charms                 3
   e - Regeneration                   Charms/Necromancy            3
Comestibles
 d - 2 rations
 g - 4 chunks of flesh


   Skills:
 * Level 2.4 Fighting
 + Level 2.4 Maces & Flails
 + Level 1.5 Armour
 - Level 1.5 Dodging
 - Level 2.2 Spellcasting
 - Level 3.1 Charms


You had 3 spell levels left.
You knew the following spells:

 Your Spells              Type           Power        Failure   Level  Hunger
a - Infusion              Chrm           #...         9%          1    ##.....
b - Song of Slaying       Chrm           #.......     13%         2    ###....


Dungeon Overview and Level Annotations

Branches:
Dungeon (1/15)

Altars:


Innate Abilities, Weirdness & Mutations

You cannot wear boots.
Your serpentine skin is tough. (AC +1)
You have supernaturally acute eyesight. (SInv)
Armour fits poorly on your strangely shaped body.
Your system is resistant to poisons. (rPois)
You cover ground very slowly.
You have a slow metabolism.
You can spit poison.


Message History

You kill the hobgoblin!
The kobold throws a stone.
The stone hits you. The hobgoblin hits you.
The kobold throws a stone.
The stone barely misses you.
You are no longer magically infusing your attacks.
The hobgoblin hits you.
* * * LOW HITPOINT WARNING * * *
The hobgoblin hits you.
* * * LOW HITPOINT WARNING * * *
Casting: Infusion
Confirm with . or Enter, or press ? or * to list all spells.
You begin infusing your attacks with magical energy.
The hobgoblin barely misses you.
You hit the hobgoblin.
The hobgoblin is heavily wounded.
The hobgoblin hits you.
* * * LOW HITPOINT WARNING * * *
You sock the hobgoblin!
You kill the hobgoblin!
The kobold hits you with a whip.
You die...

+><'..'......#
####..#...#.......
.##...#...........
......#..........#
......#....#.....#
.....##..........#
.....##...##...).#
....###....#.....#
#''####....#....@#
...........#...K†#####...
............)(...(.......
.%......................$
.........#############...
.........# . .........#
.........# ........##


You could see a kobold.

Vanquished Creatures
  An ooze (D:1)
  A dart slug (D:1)
  2 leopard geckos (D:1)
  A giant cockroach (D:1)
  4 goblins (D:1)
  6 hobgoblins (D:1)
  A bat (D:1)
  5 frilled lizards (D:1)
  4 kobolds (D:1)
  4 rats (D:1)
29 creatures vanquished.

Notes
Turn   | Place    | Note
-------+----------+-------------------------------------------
     0 | D:1      | lotte the Naga Skald began the quest for the Orb.
     0 | D:1      | Reached XP level 1. HP: 19/19 MP: 3/3
   401 | D:1      | Reached XP level 2. HP: 7/26 MP: 5/5
   968 | D:1      | Reached skill level 1 in Armour
  1320 | D:1      | Learned a level 2 spell: Song of Slaying
  1436 | D:1      | Reached XP level 3. HP: 33/33 MP: 3/6
  1659 | D:1      | Slain by a kobold

Skill      XL: |  1  2 |
---------------+-------+-----
Armour         | 1 |  1.5
Fighting       | |  2.4
Maces & Flails | |  2.4
Dodging        | |  1.5
Spellcasting   | |  2.2
Charms         | |  3.1

Action                   || total
-------------------------++-------
Melee: Mace              ||    84
 Cast: Infusion          ||     8
  Eat: Chunk             ||     1
Armor: Leather armour    ||    23
Dodge: Dodged            ||    47
